 Dungeon Crawl Stone Soup version 0.26.1-11-gd32895ea62 (webtiles) character file.

Game seed: 3686154996523191873

1414 Almogavar the Geomancer (level 8, -4/43 HPs)
             Began as a Gargoyle Earth Elementalist on May 18, 2021.
             Slain by an orc warrior
             ... wielding a +0 dire flail
              (21 damage)
             ... on level 5 of the Dungeon.
             The game lasted 00:26:14 (8102 turns).

Almogavar the Geomancer (GrEE)                      Turns: 8102, Time: 00:26:16

Health: -4/43      AC: 10    Str: 13    XL:     8   Next: 71%
Magic:  4/15       EV: 12    Int: 17    God:
Gold:   465        SH:  0    Dex: 10    Spells: 13/17 levels left

rFire    . . .     SeeInvis .   k - +0 whip
rCold    + . .     Faith    .   (no shield)
rNeg     + . .     Spirit   .   x - +0 leather armour
rPois    ∞         Reflect  .   A - +1 helmet
rElec    +         Harm     .   (no cloak)
rCorr    .         Rampage  .   (no gloves)
Will     .....                  (no boots)
Stlth    ++........             (no amulet)
HPRegen  0.14/turn              p - ring of wizardry
MPRegen  0.14/turn              C - ring of protection from cold

@: no status effects
A: negative energy resistance 1, electricity resistance, unbreathing,
petrification resistance, miasma immunity, AC +5
a: no special abilities


You were on level 5 of the Dungeon.
You visited 1 branch of the dungeon, and saw 6 of its levels.
You also visited: Sewer.

You collected 465 gold pieces.

Inventory:

Hand Weapons
 k - a +0 whip (weapon)
Missiles
 b - 64 stones
 e - 63 bolts
Armour
 q - a +0 ring mail
 w - a +0 chain mail
 x - a +0 leather armour (worn)
 A - a +1 helmet (worn)
Jewellery
 p - a ring of wizardry (left hand)
 r - the ring of Freedom {rPois rF+}
   (You found it on level 5 of the Dungeon)

   [ring of protection from fire]

   It protects you from fire.
   It protects you from poison.
 C - a ring of protection from cold (right hand)
Wands
 u - a wand of acid (6)
 B - a wand of polymorph (13)
Scrolls
 j - a scroll of amnesia
 l - a scroll of teleportation
 m - 2 scrolls of remove curse
 o - 2 scrolls of blinking
 y - a scroll of fog
Potions
 a - 2 potions of might
 d - a potion of brilliance
 f - 3 potions of heal wounds
 g - 2 potions of berserk rage
 h - 2 potions of flight
 i - 2 potions of lignification
 n - 4 potions of curing {unknown}
 t - a potion of cancellation {unknown}
 v - 2 potions of ambrosia {unknown}
 z - 2 potions of haste {unknown}


   Skills:
 + Level 1.5 Fighting
 + Level 2.6 Maces & Flails
 + Level 0.3 Armour
 + Level 3.0 Dodging
 + Level 3.4 Stealth
 + Level 5.3 Spellcasting
 + Level 3.0 Conjurations
 + Level 0.7 Transmutations
 + Level 8.5 Earth Magic


You had 13 spell levels left.
You knew the following spells:

 Your Spells              Type           Power        Failure   Level
a - Sandblast             Erth           66%          1%          1
b - Stone Arrow           Conj/Erth      48%          1%          3

Your spell library contained the following spells:

 Spells                   Type           Power        Failure   Level
 Passwall                 Tmut/Erth      16%          1%          2
 Lee's Rapid Deconstruct  Erth           16%          6%          5
 Petrify                  Tmut/Erth      20%          11%         4


Dungeon Overview and Level Annotations

Branches:
Dungeon (6/15)              Sewer (visited)
 Temple: D:4-7

Altars:
Qazlal
Yredelemnul


Innate Abilities, Weirdness & Mutations

You are resistant to torment.
Your stone body is resilient. (AC +5)
You are immune to poison.
You resist negative energy. (rN+)
You are resistant to electric shocks. (rElec)
You can survive without breathing.
You are immune to petrification.
You are immune to miasma.


Message History

The orc warrior hits you with a +0 dire flail.
You climb upwards.
There is a stone staircase leading down here.
You can't go up here!
Casting: Stone Arrow (safe; 1% risk of failure)
Confirm with . or Enter, or press ? or * to list all spells.
Aiming: Stone Arrow (safe; 1% risk of failure)
Press: ? - help, Shift-Dir - straight line, f - orc warrior
Aim: an orc warrior, wielding a +0 dire flail and wearing a +0 plate armour (29% to evade)
The stone arrow misses the orc warrior.
The orc warrior hits you with a +0 dire flail!
Casting: Stone Arrow (safe; 1% risk of failure)
Confirm with . or Enter, or press ? or * to list all spells.
Aiming: Stone Arrow (safe; 1% risk of failure)
Press: ? - help, Shift-Dir - straight line, f/p - orc warrior
Aim: an orc warrior, wielding a +0 dire flail and wearing a +0 plate armour (29% to evade)
The stone arrow hits the orc warrior!
The orc warrior is moderately wounded.
The orc warrior hits you with a +0 dire flail!!
You die...

.#.##.##........#.........#.###
....#.....##..................###
.#.#..#...####)..................
......#.....#.............#......
.#.#.###.[..).............#..##..
...............####.......#..#...
<#.#.#.#..##....##..##.#....##...
.###.###..##.#..o#....##..####..#
##...###..#..###@#...##..#####..^
###..#..<.#.## #.........# #.<.##
..#..#...##.# ##......#####..##.
..#.......#.## ##............###.
............>###..........#...##.
#.................##......##..#..
##................##.......#.....
...#......#.......###......#.....
.#.#####..##.......#.............


You could see an orc warrior.

Vanquished Creatures
  Sigmund (D:2)
  An ice beast (D:5)
  A phantom (D:3)
  2 ogres (D:4)
  A centaur (D:5)
  A big kobold (D:5)
  A bullfrog (Sewer)
  A scorpion (D:5)
  A hound (D:4)
  A jelly (D:5)
  An orc priest (D:5)
  3 orc wizards
  5 worker ants
  Terence (D:3)
  An iguana (D:5)
  4 gnolls (D:3)
  8 adders
  A white imp (D:5)
  8 oozes
  2 worms
  An adder zombie (D:5)
  3 dart slugs
  10 leopard geckos
  6 orcs
  9 ball pythons
  8 bats
  13 giant cockroaches
  9 goblins
  10 hobgoblins
  5 jackals
  15 kobolds
  A quokka (D:2)
  16 frilled lizards
  A leopard gecko skeleton (D:5)
  10 rats
162 creatures vanquished.

Vanquished Creatures (others)
  A plant (D:4)
1 creature vanquished.

Grand Total: 163 creatures vanquished

Notes
Turn   | Place    | Note
-------+----------+-------------------------------------------
     0 | D:1      | Almogavar the Gargoyle Earth Elementalist began the quest
                  | for the Orb.
     0 | D:1      | Reached XP level 1. HP: 10/10 MP: 3/3
   241 | D:1      | Reached skill level 4 in Earth Magic
   481 | D:1      | Reached XP level 2. HP: 15/15 MP: 3/5
  1435 | D:1      | Reached XP level 3. HP: 19/19 MP: 4/6
  1552 | D:2      | Noticed Sigmund
  2085 | D:2      | Reached XP level 4. HP: 24/24 MP: 3/7
  2245 | D:2      | Killed Sigmund
  2246 | D:2      | Reached skill level 1 in Fighting
  2246 | D:2      | Reached skill level 1 in Maces & Flails
  2246 | D:2      | Reached skill level 5 in Earth Magic
  2246 | D:2      | Reached XP level 5. HP: 14/29 MP: 2/9
  2504 | D:2      | Reached XP level 6. HP: 34/34 MP: 10/10
  3041 | D:3      | Noticed Terence
  3044 | D:3      | Killed Terence
  3251 | D:3      | Found a stormy altar of Qazlal.
  3251 | D:3      | Noticed a fire elemental
  3255 | D:3      | Noticed a water elemental
  3256 | D:3      | Noticed an air elemental
  3301 | D:3      | Learned a level 3 spell: Stone Arrow
  3446 | D:3      | Reached skill level 6 in Earth Magic
  3751 | D:3      | Found a basalt altar of Yredelemnul.
  3867 | D:3      | Noticed a phantom
  3887 | D:3      | Killed a phantom
  3984 | D:3      | Reached XP level 7. HP: 38/38 MP: 8/12
  4621 | D:4      | Reached skill level 1 in Conjurations
  5113 | D:4      | Reached skill level 7 in Earth Magic
  5274 | D:5      | Entered Level 5 of the Dungeon
  5375 | D:5      | Got a coiled brass ring
  5376 | D:5      | Identified the ring of Freedom {rPois rF+} (You found it on
                  | level 5 of the Dungeon)
  5542 | D:5      | Reached XP level 8. HP: 37/43 MP: 1/14
  6369 | D:5      | Reached skill level 5 in Spellcasting
  6725 | D:6      | Reached skill level 8 in Earth Magic
  6785 | D:6      | Found a glowing drain.
  6797 | Sewer    | Entered a sewer
  8102 | D:5      | Slain by an orc warrior

Illustrated notes

Levels and vault maps discovered:
D:1:      matt_arrival_refuge, layout_basic, minmay_quantized
D:2:      layout_basic, serial_glass, glass_columns_a, glass_columns_a,
          feat_on_display, uniq_sigmund
D:3:      layout_loops_ring, yredelemnul_altar_generic,
          nicolae_qazlal_style_of_elements, uniq_terence
D:4:      layout_gridville, saegor_snake_ambush
D:5:      layout_cave_pools, st_stairs_12, serial_bayou_crossing
D:6:      layout_loops_corners, fedhas_altar_3, cheibrodos_sewer_entry_bend

Skill      XL: |  1  2  3  4  5  6  7  8 |
---------------+-------------------------+-----
Earth Magic    | 4 5 6 7 8 |  8.5
Fighting       | 1 |  1.5
Maces & Flails | 1 2 |  2.6
Dodging        | 2 3 |  3.0
Spellcasting   | 3 4 5 |  5.3
Stealth        | 3 |  3.4
Conjurations   | 2 3 |  3.0
Armour         | |  0.3
Transmutations | |  0.7

Action                   |  1- 3 |  4- 6 |  7- 9 || total
-------------------------+-------+-------+-------++-------
Melee: Dagger            |    14 |       |       ||    14
       Whip              |    42 |    55 |    61 ||   158
 Cast: Sandblast         |    43 |    33 |    41 ||   117
       Stone Arrow       |       |    16 |    91 ||   107
  Use: Scroll            |     1 |     1 |     9 ||    11
       Potion            |       |       |     3 ||     3
 Stab: Sleeping          |     1 |     1 |     1 ||     3
Armor: Robe              |    19 |    28 |    15 ||    62
       Leather armour    |       |       |    12 ||    12
Dodge: Dodged            |    34 |    49 |    47 ||   130
